 Dungeon Sprint DCSS version 0.20.1-1-g8b1a95d (webtiles) character file.

32 digijack the Charmwright (level 3, -2/30 HPs)
             Began as a Barachi Skald on Nov 25, 2017.
             Slain by a human (5 damage)
             ... in the Dungeon (Sprint III: "The Ten Rune Challenge").
             The game lasted 00:02:39 (284 turns).

digijack the Charmwright (Barachi Skald)             Turns: 284, Time: 00:02:40

Health: -2/30      AC:  2    Str: 12    XL:     3   Next: 25%
Magic:  2/7        EV: 13    Int: 14    God:
Gold:   16         SH:  0    Dex: 11    Spells: 2/8 levels left

rFire    . . .     SeeInvis .   a - +0 short sword
rCold    . . .     Gourm    .   (no shield)
rNeg     . . .     Faith    .   k - +0 robe
rPois    .         Spirit   .   (no helmet)
rElec    .         Reflect  .   (no cloak)
rCorr    .         Harm     .   (no gloves)
MR       .....     NoTele   +   (no boots)
Stlth    +.........             (no amulet)
Regen    0.1/turn               (no ring)
MPRegen  0.1/turn               (no ring)

@: can't hop, slow
A: +LOS, swims, slowness 1, strong legs 1
a: Hop


You were in the Dungeon.
You were not hungry.

You visited 1 branch You collected 16 gold pieces.

Inventory:

Hand Weapons
 a - a +0 short sword (weapon)
Armour
 k - a +0 robe (worn)
Scrolls
 j - a scroll of blinking
Potions
 e - a potion of curing
 f - a potion of heal wounds
 g - a potion of haste
 h - 2 potions of magic
 i - a potion of berserk rage
Books
 c - a book of Battle

   Spells                             Type                      Level
   a - Infusion                       Charms                       1
   b - Shroud of Golubria             Charms/Translocation         2
   c - Song of Slaying                Charms                       2
   d - Spectral Weapon                Hexes/Charms                 3
   e - Regeneration                   Charms/Necromancy            3
Comestibles
 d - a bread ration
 l - a chunk of flesh


   Skills:
 + Level 3.7 Fighting
 + Level 3.5 Short Blades
 - Level 1.2 Armour
 + Level 3.7 Dodging
 + Level 3.4 Spellcasting
 + Level 4.8 Charms


You had 2 spell levels left.
You knew the following spells:

 Your Spells              Type           Power        Failure   Level  Hunger
a - Infusion              Chrm           ###.         2%          1    #......
b - Shroud of Golubria    Chrm/Tloc      #.........   12%         2    ##.....
c - Spectral Weapon       Hex/Chrm       #.......     22%         3    ###....


Dungeon Overview and Level Annotations

Branches:
Dungeon (1/1)

Altars:


Innate Abilities, Weirdness & Mutations

Shadows flee at your approach. (+LOS)
You can swim through water.
You cover ground slowly.
You can hop short distances.


Message History

You barely miss the human.
The human is heavily wounded.
The human barely misses you.
You barely miss the human.
The human is heavily wounded.
The human hits you.
* * * LOW HITPOINT WARNING * * *
Your magical infusion is running out.
The human closely misses you.
You hit the human.
The human is heavily wounded.
The human hits you but does no damage.
You hit the human!
The human is almost dead.
The human hits you but does no damage.
You hit the human.
The human is almost dead.
You are no longer magically infusing your attacks.
The human hits you.
You die...

▓.....#....≈♣♣♣♣♣.#
▓.....#...≈≈.♣..♣.#
▓....(#..≈≈≈≈.....+
▓####'#..≈≈≈≈≈≈.♣.#
▓....[#.≈≈≈≈≈≈....#
▓.....#.≈≈≈≈≈.....#
▓.....#.≈≈≈.......#
▓'#####...........#
▓...@p............#
▓▓▓▓▓▓▓▓▓▓▓▓▓▓▓▓▓▓▓


You could see a human.

Vanquished Creatures
  Jessica (D)
  An ooze (D)
  2 rats (D)
4 creatures vanquished.

Vanquished Creatures (others)
  2 draconian scorchers (D)
  6 hellions (D)
  A yaktaur (D)
  6 plants (D)
15 creatures vanquished.

Grand Total: 19 creatures vanquished

Notes
Turn   | Place    | Note
-------+----------+-------------------------------------------
     0 | D        | digijack the Barachi Skald began the quest for the Orb.
     0 | D        | Reached XP level 1. HP: 17/17 MP: 3/3
    13 | D        | Reached skill level 4 in Charms
    62 | D        | Noticed Jessica
    68 | D        | Killed Jessica
    68 | D        | Reached XP level 2. HP: 12/25 MP: 0/6
    68 | D        | Reached XP level 3. HP: 14/30 MP: 0/7
    87 | D        | Learned a level 2 spell: Shroud of Golubria
    91 | D        | Learned a level 3 spell: Spectral Weapon
   114 | D        | Killed a hellion
   114 | D        | Killed a hellion
   115 | D        | Killed a hellion
   116 | D        | Killed a hellion
   116 | D        | Killed a hellion
   134 | D        | Killed a yaktaur
   149 | D        | Killed a white draconian scorcher
   218 | D        | Killed a hellion
   222 | D        | Killed a white draconian scorcher
   284 | D        | Slain by a human

Skill      XL: |  1 |
---------------+----+-----
Charms         | 4 |  4.8
Fighting       | 3 |  3.7
Short Blades   | 3 |  3.5
Dodging        | 3 |  3.7
Spellcasting   | 3 |  3.4
Armour         | |  1.2

Action                   || total
-------------------------++-------
Melee: Short sword       ||    29
 Cast: Infusion          ||     3
 Abil: Hop               ||     1
 Stab: Sleeping          ||     1
Armor: Leather armour    ||     1
       Robe              ||     2
Dodge: Dodged            ||    15
